 Dungeon Crawl Stone Soup version 0.21.1-1-g345015f (webtiles) character file.

2410 Mirai the Thaumaturge (level 9, -2/45 HPs)
             Began as a Deep Elf Conjurer on Apr 4, 2018.
             Was an Initiate of Vehumet.
             Slain by a two-headed ogre
             ... wielding a +0 dire flail
              (15 damage)
             ... on level 8 of the Dungeon.
             The game lasted 00:20:37 (5927 turns).

Mirai the Thaumaturge (Deep Elf Conjurer)           Turns: 5927, Time: 00:20:37

Health: -2/45      AC:  9    Str:  5    XL:     9   Next: 23%
Magic:  20/26      EV:  9    Int: 24    God:    Vehumet [......]
Gold:   118        SH:  5    Dex: 15    Spells: 19/30 levels left

rFire    + + .     SeeInvis .   m - +1 hand axe
rCold    + . .     Gourm    +   u - +2 buckler
rNeg     . . .     Faith    .   g - +4 ring mail {rF+}
rPois    .         Spirit   .   (no helmet)
rElec    .         Reflect  .   e - scarf {rC+ rF+}
rCorr    .         Harm     .   (no gloves)
MR       .....                  (no boots)
Stlth    +.........             n - amulet of the gourmand
HPRegen  0.15/turn              o - ring of wizardry
MPRegen  0.20/turn              (no ring)

@: no status effects
A: no striking features
a: Renounce Religion


You were on level 8 of the Dungeon.
You worshipped Vehumet.
Vehumet was noncommittal.
You were not hungry.

You visited 2 branches of the dungeon, and saw 7 of its levels.

You collected 118 gold pieces.

Inventory:

Hand Weapons
 m - a +1 hand axe (weapon)
 x - the +5 glaive "Zafafynn" {chaos, rF+ Dex+5}
   (You found it on level 7 of the Dungeon)

   Each time it hits an enemy it has a different, random effect.
   It affects your dexterity (+5).
   It protects you from fire.
Armour
 a - a +1 robe
 e - a scarf of resistance (worn)
 g - a +4 ring mail of fire resistance (worn)
 l - a +0 cloak
 u - a +2 buckler (worn)
Jewellery
 n - an amulet of the gourmand (around neck)
 o - a ring of wizardry (left hand)
Wands
 r - a wand of iceblast (8)
 w - a wand of flame (16)
 y - a wand of disintegration (16)
Scrolls
 d - 5 scrolls of identify
 i - a scroll of enchant armour
 s - a scroll of enchant weapon
 t - a scroll of teleportation
Potions
 f - a potion of mutation {unknown}
 h - 5 potions of haste {unknown}
 j - a potion of might {unknown}
 q - a potion of magic {unknown}
Books
 b - a book of Conjurations

   Spells                             Type                      Level
   a - Magic Dart                     Conjuration                  1
   b - Searing Ray                    Conjuration                  2
   c - Dazzling Spray                 Conjuration/Hexes            3
   d - Fulminant Prism                Conjuration/Hexes            4
   e - Force Lance                    Conjuration/Translocation    4
   f - Iskenderun's Mystic Blast      Conjuration                  4
Comestibles
 c - 22 rations


   Skills:
 - Level 2.4 Dodging
 - Level 2.4 Stealth
 + Level 11.4 Spellcasting
 + Level 8.3 Conjurations
 + Level 8.1 Hexes


You had 19 spell levels left.
You knew the following spells:

 Your Spells              Type           Power        Failure   Level  Hunger
a - Magic Dart            Conj           ####         1%          1    None
b - Searing Ray           Conj           ######       1%          2    None
c - Iskenderun's Mystic   Conj           ######..     4%          4    None
d - Fulminant Prism       Conj/Hex       ######....   4%          4    None


Dungeon Overview and Level Annotations

Branches:
Dungeon (8/15)             Temple (1/1) D:4
   Lair: D:8-11

Altars:
Ashenzari
Cheibriados
Dithmenos
Fedhas
Gozag
Kikubaaqudgha
Nemelex Xobeh
Okawaru
Qazlal
Ru
Trog
Vehumet
Yredelemnul
Zin
The Shining One

Shops:
D:8 [


Message History

You finish channeling your searing ray.
The two-headed ogre hits you with a dire flail!!
The two-headed ogre hits you with a giant spiked club!
* * * LOW HITPOINT WARNING * * *
Okay, then.
You feel better.
The two-headed ogre hits you with a dire flail.
* * * LOW HITPOINT WARNING * * *
You block the two-headed ogre's attack.
Casting: Searing Ray
Confirm with . or Enter, or press ? or * to list all spells.
Aiming: Searing Ray
Press: ? - help, Shift-Dir - straight line, f/p - two-headed ogre
Aim: a two-headed ogre, wielding a dire flail and a giant spiked club (moderately wounded)
The searing ray hits the two-headed ogre.
The two-headed ogre is moderately wounded. (Press . to maintain the ray.)
The two-headed ogre hits you but does no damage.
The two-headed ogre hits you with a giant spiked club!
You die...

........... ..........
.........## ..........##
...........## ............##
.............########### ####
..............#"....#..# #..#
..............#@O...##.###'##
....)......)..#..)..''...#.#
..............#....)##...#.# #
..............##[#####...#'###.#
...........⌠.⌠....# #......<...
...........∩.##..# #..........
..........⌠.⌠.#..####..........
...........#.#..Y.............
.......)..).....##.###.#+#####


You could see a two-headed ogre and an ice beast (wandering).

Vanquished Creatures
  Pikel (D:8)
  A hippogriff (D:7)
  Grinder (D:4)
  Duvessa (D:7)
  An orc warrior (D:8)
  3 slaves (D:7)
  A necrophage (D:7)
  3 phantoms
  An ogre (D:8)
  A centaur (D:7)
  2 bullfrogs (D:7)
  Dowan (D:7)
  A wyvern skeleton (D:8)
  A scorpion (D:7)
  3 crimson imps (D:7)
  An orc priest (D:4)
  A hound (D:7)
  A gnoll shaman (D:4)
  An orc wizard (D:4)
  A bullfrog skeleton (D:7)
  Ijyb (D:3)
  2 worker ants
  The ghost of SpeedyPerson7 the Grave Robber, a weakling GnNe (D:3)
  A worker ant zombie (D:7)
  9 gnolls
  8 adders
  2 oozes
  3 adder skeletons
  3 worms (D:2)
  A leopard gecko (D:7)
  12 orcs
  3 ball pythons
  A bat zombie (D:3)
  5 giant cockroaches
  11 goblins
  7 hobgoblins
  11 jackals
  5 quokkas
  9 bats
  7 frilled lizards
  8 kobolds
  8 rats
  A rat zombie (D:3)
146 creatures vanquished.

Notes
Turn   | Place    | Note
-------+----------+-------------------------------------------
     0 | D:1      | Mirai the Deep Elf Conjurer began the quest for the Orb.
     0 | D:1      | Reached XP level 1. HP: 10/10 MP: 6/6
   323 | D:1      | Reached skill level 4 in Spellcasting
   323 | D:1      | Reached XP level 2. HP: 15/15 MP: 5/9
   327 | D:1      | Learned a level 2 spell: Searing Ray
  1075 | D:2      | Noticed a phantom
  1252 | D:2      | Reached skill level 5 in Spellcasting
  1252 | D:2      | Reached XP level 3. HP: 7/19 MP: 7/11
  1480 | D:1      | Killed a phantom
  1480 | D:1      | Reached skill level 6 in Spellcasting
  1480 | D:1      | Reached XP level 4. HP: 18/24 MP: 0/14
  1568 | D:2      | Found a snail-covered altar of Cheibriados.
  1640 | D:2      | Found a glowing silver altar of Zin.
  1688 | D:2      | Reached skill level 7 in Spellcasting
  1791 | D:2      | Reached XP level 5. HP: 27/28 MP: 9/16
  2169 | D:2      | Found a basalt altar of Yredelemnul.
  2527 | D:3      | Noticed SpeedyPerson7's ghost (weakling GnNe)
  2534 | D:3      | Killed SpeedyPerson7's ghost
  2534 | D:3      | Reached skill level 8 in Spellcasting
  2597 | D:3      | Learned a level 4 spell: Iskenderun's Mystic Blast
  2602 | D:3      | Learned a level 4 spell: Fulminant Prism
  2828 | D:3      | Found an ancient bone altar of Kikubaaqudgha.
  2907 | D:3      | Noticed Ijyb
  2913 | D:3      | Killed Ijyb
  2913 | D:3      | Reached XP level 6. HP: 32/32 MP: 11/19
  2970 | D:3      | Found a sacrificial altar of Ru.
  2971 | D:3      | Reached skill level 1 in Hexes
  3231 | D:4      | Noticed Grinder
  3242 | D:4      | Killed Grinder
  3242 | D:4      | Reached skill level 5 in Conjurations
  3376 | D:4      | Reached XP level 7. HP: 31/36 MP: 16/21
  3405 | D:4      | Found a staircase to the Ecumenical Temple.
  3426 | Temple   | Entered the Ecumenical Temple
  3573 | D:4      | Reached skill level 9 in Spellcasting
  3994 | D:4      | You fall through a shaft for 3 floors!
  4276 | D:7      | Reached skill level 5 in Hexes
  4354 | D:7      | Reached XP level 8. HP: 41/41 MP: 17/23
  4360 | D:7      | Found a radiant altar of Vehumet.
  4370 | D:7      | Became a worshipper of Vehumet
  4405 | D:7      | Noticed Dowan
  4407 | D:7      | Noticed Duvessa
  4419 | D:7      | Reached skill level 10 in Spellcasting
  4433 | D:7      | Killed Duvessa
  4436 | D:7      | Killed Dowan
  4793 | D:7      | Noticed a hippogriff
  4801 | D:7      | Killed a hippogriff
  5150 | D:7      | Got a steaming glaive
  5157 | D:7      | Identified the +5 glaive "Zafafynn" {chaos, rF+ Dex+5} (You found it on level 7 of the Dungeon)
  5339 | D:8      | Found Qiohi's Antique Armour Emporium.
  5368 | D:8      | Noticed Pikel
  5383 | D:8      | Killed Pikel
  5383 | D:8      | Reached skill level 11 in Spellcasting
  5383 | D:8      | Reached XP level 9. HP: 31/45 MP: 4/26
  5488 | D:8      | Noticed a two-headed ogre
  5927 | D:8      | Slain by a two-headed ogre

Skill      XL: |  1  2  3  4  5  6  7  8  9 |
---------------+----------------------------+-----
Spellcasting   | 4 5 6 7 8 9 11 | 11.4
Hexes          | 3 5 7 8 |  8.1
Conjurations   | 5 6 8 |  8.3
Dodging        | |  2.4
Stealth        | |  2.4

Action                   |  1- 3 |  4- 6 |  7- 9 || total
-------------------------+-------+-------+-------++-------
Melee: Unarmed           |     3 |       |       ||     3
       Hand axe          |     4 |     2 |     6 ||    12
 Cast: Magic Dart        |    40 |    97 |    88 ||   225
       Searing Ray       |     6 |    18 |    45 ||    69
       Iskenderun's Myst |       |       |     6 ||     6
Evoke: Wand              |       |       |    12 ||    12
  Use: Scroll            |       |     5 |     6 ||    11
       Potion            |       |       |     3 ||     3
  Eat: Chunk             |     2 |     5 |     8 ||    15
Armor: Robe              |     3 |     9 |     1 ||    13
       Skin              |       |       |    12 ||    12
       Ring mail         |       |       |     5 ||     5
Dodge: Dodged            |    10 |    31 |    38 ||    79
Block: Buckler           |       |       |    22 ||    22
